 Dungeon Crawl Stone Soup version 0.31-a0-1591-g515db51633 (webtiles) character file.

Game seed: 14920984391572758894

153 MisterAzrael the Trooper (level 5, 0/47 HPs)
             Began as a Hill Orc Fighter on Jan 6, 2024.
             Slain by a gnoll
             ... wielding a +0 flail
              (8 damage)
             ... on level 4 of the Dungeon.
             The game lasted 00:02:54 (2460 turns).

MisterAzrael the Trooper (Hill Orc Fighter)         Turns: 2460, Time: 00:02:55

Health: 0/47       AC: 10    Str: 21    XL:     5   Next: 35%
Magic:  5/5        EV:  9    Int:  8    God:
Gold:   172        SH:  4    Dex: 10    Spells: 4/4 levels left

rFire   . . .        a - +0 trident
rCold   . . .        c - +0 buckler
rNeg    . . .        b - +0 scale mail
rPois   .            g - +1 helmet
rElec   .            h - +0 cloak
rCorr   .            (no gloves)
SInv    .            (no boots)
Will    .....        (no amulet) Stlth
                     (no ring)
HPRegen 0.27/turn    (no ring)
MPRegen 0.09/turn

%: no passive effects
@: no status effects
A: no striking features
a: no special abilities


You were on level 4 of the Dungeon.
You visited 1 branch of the dungeon, and saw 4 of its levels.

You collected 172 gold pieces.

Inventory:

Hand Weapons
 a - a +0 trident (weapon)
Armour
 b - a +0 scale mail (worn)
 c - a +0 buckler (worn)
 g - a +1 helmet (worn)
 h - a +0 cloak (worn)
Wands
 l - a wand of digging (5)
Scrolls
 i - a scroll of teleportation {unknown}
 k - a scroll of revelation {unknown}
 m - 2 scrolls of identify {unknown}
 n - a scroll of fear {unknown}
 o - a scroll of fog {unknown}
 p - a scroll of noise {unknown}
Potions
 d - a potion of might
 e - a potion of enlightenment {unknown}
 f - a potion of invisibility {unknown}
 j - a potion of curing {unknown}
 q - a potion of brilliance {unknown}


   Skills:
 + Level 4.7 Fighting
 + Level 3.4 Polearms
 + Level 4.3 Armour
 + Level 4.2 Shields


You had 4 spell levels left.
You didn't know any spells.
Your spell library contained the following spells:

 Spells                   Type           Power      Damage    Failure   Level
 Mercury Vapours          Alch/Air       0%         N/A       91%         2
 Mephitic Cloud           Conj/Alch/Air  0%         N/A       99%         3
 Freezing Cloud           Conj/Ice/Air   0%         6-21      100%        5


Dungeon Overview and Level Annotations

Branches:
Dungeon (4/15)
 Temple: D:4-7

Altars:
Yredelemnul

Shops:
D:3 [


Message History

You closely miss the gnoll.
The gnoll is moderately wounded.
The gnoll hits you but does no damage.
You barely miss the gnoll.
The gnoll is moderately wounded.
The gnoll hits you with a +0 club. The gnoll closely misses you.
You hit the gnoll but do no damage.
The gnoll is moderately wounded.
The gnoll hits you but does no damage. x2
You hit the gnoll.
The gnoll is severely wounded.
The gnoll hits you but does no damage. The gnoll barely misses you.
You barely miss the gnoll.
The gnoll is severely wounded.
You block the gnoll's attack. The gnoll hits you with a +0 flail.
The gnoll hits you but does no damage. The gnoll hits you with a +0 club.
You barely miss the gnoll.
The gnoll is severely wounded.
The gnoll closely misses you. The gnoll hits you with a +0 flail.
You hit the gnoll but do no damage.
The gnoll is severely wounded.
The gnoll hits you with a +0 club. The gnoll hits you with a +0 flail.
You are too injured to fight recklessly!
You are too injured to fight recklessly!
You hit the gnoll.
The gnoll is almost dead.
The gnoll hits you with a +0 club. The gnoll hits you with a +0 flail!
* * * LOW HITPOINT WARNING * * *
You hit the gnoll.
You kill the gnoll!
The gnoll completely misses you.
You hit the gnoll but do no damage. The gnoll hits you with a +0 flail.
* * * LOW HITPOINT WARNING * * *
You puncture the gnoll!
The gnoll is severely wounded.
The gnoll closely misses you.
You hit the gnoll.
The gnoll is severely wounded.
The gnoll barely misses you. The gnoll hits you with a +0 flail!
You die...

#####
##...##
##..<..##
#.......#
#.......#
#.......#
####>....##
#.<......##
...#.g@....#
# #.)).$..#
#........#
#..#.....##
#.###...##
#. ##### #


You could see a gnoll.

Vanquished Creatures
  3 adders (D:3)
  6 gnolls
  A ribbon worm (D:2)
  3 dart slugs
  4 orcs (D:3)
  2 bats
  4 endoplasms
  2 giant cockroaches
  5 goblins
  11 hobgoblins
  3 quokkas
  2 ball pythons
  A frilled lizard (D:2)
  3 kobolds
  6 rats
56 creatures vanquished.

Notes
Turn   | Place    | Note
-------+----------+-------------------------------------------
     0 | D:1      | MisterAzrael the Hill Orc Fighter began the quest for the
                  | Orb.
     0 | D:1      | Reached XP level 1. HP: 19/19 MP: 1/1
   167 | D:1      | Reached XP level 2. HP: 26/27 MP: 2/2
  1092 | D:2      | Reached XP level 3. HP: 29/33 MP: 3/3
  1293 | D:2      | Found a basalt altar of Yredelemnul.
  1587 | D:3      | Found Poabiuss's Antique Armour Shoppe.
  1641 | D:3      | Reached XP level 4. HP: 19/40 MP: 4/4
  2053 | D:3      | Reached XP level 5. HP: 28/47 MP: 5/5
  2460 | D:4      | Slain by a gnoll

Illustrated notes

Levels and vault maps discovered:
D:1:      mainiacjoe_arrival_reflecting_pool, layout_loops_ring,
          grunt_decor_junction, serial_bayou_ford_a, kennysheep_flooded_box,
          chequers_serial_rivers_micro_a
D:2:      layout_loops_ring, basic_altar
D:3:      layout_basic, serial_shops, shop, nrook_uturn, minmay_goblin_outpost
D:4:      layout_rooms, nicolae_overflow_hidden_temple, vehumet_crystals,
          serial_shops, nicolae_shop_crystal, uniq_eustachio

Skill      XL: |  1  2  3  4 |
---------------+-------------+-----
Fighting       | 4 |  4.7
Polearms       | 3 |  3.4
Armour         | 4 |  4.3
Shields        | 4 |  4.2

Action                     |  1- 3 |  4- 6 || total
---------------------------+-------+-------++-------
  Melee: Trident           |   120 |    79 ||   199
    Use: Scroll            |     1 |       ||     1
 Armour: Scale mail        |    82 |    60 ||   142
  Dodge: Dodged            |    50 |    28 ||    78
  Block: Buckler           |    25 |    16 ||    41

Table legend: (Time is in decaauts)
 A = Elapsed time spent in this place.
 B = Non-inter-level travel time spent in this place.
 C = Inter-level travel time spent in this place.
 D = Time resting spent in this place.
 E = Time spent auto-exploring this place.
 F = Levels seen in this place.
 G = Mean time per level.
                   A        B        C        D        E       F      G
               +--------+--------+--------+--------+--------+-----+--------+
         Total |   2497 |   2381 |    116 |     40 |   1935 |   4 |  624.2 |
       Dungeon |   2497 |   2381 |    116 |     40 |   1935 |   4 |  624.2 |
               +--------+--------+--------+--------+--------+-----+--------+

Top non-repeatable levels by time:
     D:3: 899 daAuts
     D:1: 826 daAuts
     D:2: 742 daAuts
     D:4: 29 daAuts
